 Dungeon Crawl Stone Soup version 0.24.0-13-gcf9b319 (webtiles) character file.

Game seed: 17474644734359271880, levelgen mode: deterministic

984 Balder the Basher (level 7, -2/60 HPs)
             Began as a Minotaur Gladiator on May 30, 2020.
             Slain by an orc warrior
             ... wielding a +0 trident
              (15 damage)
             ... on level 6 of the Dungeon on May 31, 2020.
             The game lasted 00:20:08 (4974 turns).

Balder the Basher (Minotaur Gladiator)              Turns: 4974, Time: 00:20:08

Health: -2/60      AC:  9    Str: 18    XL:     7   Next: 97%
Magic:  6/6        EV:  5    Int:  5    God:
Gold:   328        SH: 13    Dex: 14    Spells: 6/6 levels left

rFire    . . .     SeeInvis .   a - +0 flail
rCold    + . .     Gourm    .   g - +0 large shield
rNeg     . . .     Faith    .   e - +0 chain mail (curse)
rPois    .         Spirit   .   c - +0 hat
rElec    .         Reflect  .   (no cloak)
rCorr    .         Harm     .   (no gloves)
MR       .....                  (no boots)
Stlth    ..........             (no amulet)
HPRegen  0.20/turn              m - ring of protection from cold
MPRegen  0.10/turn              (no ring)

@: no status effects
A: retaliatory headbutt, horns 2
a: no special abilities


You were on level 6 of the Dungeon.
You were not hungry.

You visited 1 branch of the dungeon, and saw 6 of its levels.

You collected 328 gold pieces.

Inventory:

Hand Weapons
 a - a +0 flail (weapon)
 F - a +3 quarterstaff of chaos
Missiles
 p - 42 poisoned darts (quivered)
 w - 2 throwing nets
Armour
 c - a +0 hat (worn)
 e - a cursed +0 chain mail (worn)
 g - a +0 large shield (worn)
 z - a +0 chain mail
 G - a +0 cloak
Jewellery
 m - a ring of protection from cold (left hand)
 o - a cursed ring of teleportation {unknown}
 t - an uncursed ring of fire
 H - an uncursed ring of wizardry {unknown}
Wands
 n - a wand of iceblast (11)
Scrolls
 b - a scroll of enchant armour {unknown}
 i - 2 scrolls of identify
 j - a scroll of amnesia {unknown}
 l - a scroll of fog
 q - a scroll of noise {unknown}
 s - 3 scrolls of teleportation
 y - 3 scrolls of fear {unknown}
 B - a scroll of remove curse {unknown}
 D - a scroll of magic mapping {unknown}
 E - a scroll of enchant weapon {unknown}
Potions
 h - 2 potions of haste {unknown}
 k - 4 potions of curing {unknown}
 r - a potion of ambrosia
 u - a potion of cancellation {unknown}
 v - a potion of might {unknown}
 x - a potion of berserk rage {unknown}
 A - a potion of flight {unknown}
 C - a potion of invisibility {unknown}
Comestibles
 d - 4 chunks of flesh
 f - 12 rations


   Skills:
 * Level 4.8 Fighting
 * Level 8.0 Maces & Flails
 - Level 2.0 Throwing
 * Level 4.5 Armour
 * Level 4.7 Dodging
 + Level 0.1 Stealth
 * Level 3.5 Shields


You had 6 spell levels left.
You didn't know any spells.
Your spell library contained the following spells:

 Spells                   Type           Power        Failure   Level  Hunger
 Animate Skeleton         Necr           N/A          100%        1    ##.....
 Apportation              Tloc           #.....       100%        1    ##.....
 Confusing Touch          Hex            #.....       100%        1    ##.....
 Magic Dart               Conj           #...         100%        1    ##.....
 Sting                    Conj/Pois      #...         100%        1    ##.....
 Summon Small Mammal      Summ           #...         100%        1    ##.....
 Blink                    Tloc           N/A          100%        2    ###....
 Call Imp                 Summ           #.......     100%        2    ###....
 Poisonous Vapours        Pois/Air       #.....       100%        2    ###....
 Slow                     Hex            #.......     100%        2    ###....
 Conjure Flame            Conj/Fire      #.......     100%        3    ####...
 Mephitic Cloud           Conj/Pois/Air  #.......     100%        3    ####...
 Olgreb's Toxic Radiance  Pois           #.......     100%        4    #####..
 Venom Bolt               Conj/Pois      #.........   100%        5    ######.


Dungeon Overview and Level Annotations

Branches:
Dungeon (6/15)
 Temple: D:4-7

Altars:
Ashenzari

Shops:
D:4 (


Innate Abilities, Weirdness & Mutations

You reflexively headbutt those who attack you in melee.
You have a pair of horns on your head.


Message History

The orc warrior is heavily wounded.
You block the orc warrior's attack.
The orc warrior hits you with a +0 trident.
You hit the orc warrior but do no damage.
You headbutt the orc warrior, but do no damage.
The orc warrior is heavily wounded.
The orc warrior hits you with a +0 trident!
Your shield and chain mail prevent you from hitting the orc warrior.
The orc warrior is heavily wounded.
You block the orc warrior's attack.
You closely miss the orc warrior. Your headbutt misses the orc warrior.
The orc warrior is heavily wounded.
The orc priest mumbles some strange prayers to Beogh against you.
Beogh smites you!
The orc warrior hits you with a +0 trident!
* * * LOW HITPOINT WARNING * * *
You thump the orc warrior! Your headbutt misses the orc warrior.
The orc warrior is severely wounded.
The orc warrior hits you with a +0 trident!
You die...

......#####..##
..##........##
..#########..#
.## ##.## .#
#..## ## ##..##
# ##..## #
##..# # ##@##
...# ##o##
..<.# ##o##
.....# #o.##
.....# ##..##
.....# ##..##
.....# ##.(#
.....# ##.# .
#..


You could see an orc warrior, an orc priest and an orc wizard.

Vanquished Creatures
  An ice beast (D:4)
  2 centaurs (D:6)
  Blork the orc (D:4)
  A bullfrog (D:6)
  A crimson imp (D:5)
  2 hounds (D:5)
  A gnoll shaman (D:6)
  Crazy Yiuf (D:4)
  An orc priest (D:4)
  A jelly (D:5)
  A bullfrog skeleton (D:4)
  Natasha (thrice) (D:3)
  8 gnolls
  7 adders
  A shadow imp (D:5)
  An ooze (D:1)
  An adder zombie (D:5)
  2 adder skeletons
  6 worms
  3 dart slugs
  3 leopard geckos
  15 orcs
  3 ball pythons
  8 bats
  4 giant cockroaches
  6 goblins
  10 hobgoblins
  3 jackals (D:1)
  7 kobolds
  4 quokkas
  5 frilled lizards
  A leopard gecko skeleton (D:4)
  6 rats
120 creatures vanquished.

Notes
Turn   | Place    | Note
-------+----------+-------------------------------------------
     0 | D:1      | Balder the Minotaur Gladiator began the quest for the Orb.
     0 | D:1      | Reached XP level 1. HP: 18/18 MP: 0/0
    74 | D:1      | Reached XP level 2. HP: 13/25 MP: 1/1
   196 | D:1      | Reached skill level 4 in Maces & Flails
   614 | D:1      | Reached XP level 3. HP: 30/30 MP: 2/2
  1037 | D:2      | Reached skill level 1 in Armour
  1729 | D:2      | Reached XP level 4. HP: 28/37 MP: 3/3
  1991 | D:3      | Reached skill level 5 in Maces & Flails
  1992 | D:3      | Noticed Natasha
  2006 | D:3      | Killed Natasha
  2206 | D:3      | Noticed Natasha
  2228 | D:3      | Killed Natasha
  2228 | D:3      | Reached skill level 1 in Shields
  2228 | D:3      | Reached XP level 5. HP: 28/45 MP: 4/4
  2397 | D:3      | Noticed Natasha
  2403 | D:3      | Killed Natasha
  2922 | D:4      | Noticed Blork the orc
  2923 | D:4      | Killed Blork the orc
  2923 | D:4      | Reached skill level 6 in Maces & Flails
  2923 | D:4      | Reached XP level 6. HP: 52/52 MP: 5/5
  3100 | D:4      | Found Roaloget's Weapon Shoppe.
  3584 | D:4      | Noticed an ice beast
  3596 | D:4      | HP: 2/52 [ice beast (7)]
  3601 | D:4      | Killed an ice beast
  3949 | D:4      | Found a runed translucent door.
  3950 | D:4      | Noticed Crazy Yiuf
  3958 | D:4      | Killed Crazy Yiuf
  4222 | D:5      | Entered Level 5 of the Dungeon
  4227 | D:5      | Reached XP level 7. HP: 59/60 MP: 6/6
  4247 | D:5      | Reached skill level 7 in Maces & Flails
  4450 | D:5      | Found a shattered altar of Ashenzari.
  4889 | D:6      | Reached skill level 8 in Maces & Flails
  4974 | D:6      | Slain by an orc warrior

Levels and vault maps discovered:
D:1:      grunt_arrival_lava_bath, layout_basic, minmay_misc_feat_alley,
          minmay_tripent
D:2:      wad_crossroads, layout_basic
D:3:      layout_basic, first_ration, uniq_natasha
D:4:      layout_loops_corners, serial_shops, kennysheep_little_box,
          uniq_crazy_yiuf_cottage, uniq_blork_the_orc
D:5:      layout_rooms, ashenzari_altar_1
D:6:      layout_cave_pods, nicolae_gozag_cash_rules_everything_around_me,
          hangedman_decor_clover_reticule

Skill      XL: |  1  2  3  4  5  6  7 |
---------------+----------------------+-----
Maces & Flails | 4 5 6 8 |  8.0
Armour         | 1 2 3 4 |  4.5
Dodging        | 4 |  4.7
Fighting       | 3 4 |  4.8
Shields        | 1 2 3 |  3.5
Throwing       | |  2.0
Stealth        | |  0.1

Action                   |  1- 3 |  4- 6 |  7- 9 || total
-------------------------+-------+-------+-------++-------
Melee: Flail             |    95 |   135 |    84 ||   314
       Headbutt          |     7 |    24 |    13 ||    44
Throw: Throwing net      |     1 |     5 |     2 ||     8
       Dart              |       |     1 |     7 ||     8
  Use: Potion            |       |     2 |       ||     2
       Scroll            |       |     4 |       ||     4
  Eat: Chunk             |     2 |     5 |     3 ||    10
       Ration            |       |     1 |       ||     1
Armor: Leather armour    |    14 |       |       ||    14
       Scale mail        |    22 |    52 |       ||    74
       Chain mail        |       |     2 |    39 ||    41
       Skin              |       |     2 |       ||     2
Dodge: Dodged            |    66 |    81 |    17 ||   164
Block: Large shield      |       |     3 |    86 ||    89
